 Dungeon Crawl Stone Soup version 0.29.1-15-g9cfb28693d (webtiles) character file.

Game seed: 6013344771535285117

15 Alexito the Trooper (level 2, -1/27 HPs)
             Began as a Hill Orc Fighter on May 2, 2023.
             Slain by an adder (2 damage)
             ... on level 2 of the Dungeon.
             The game lasted 00:05:39 (207 turns).

Alexito the Trooper (Hill Orc Fighter)               Turns: 207, Time: 00:05:40

Health: -1/27      AC:  6    Str: 18    XL:     2   Next: 50%
Magic:  2/2        EV:  9    Int:  8    God:
Gold:   19         SH:  4    Dex: 10    Spells: 1/1 levels left

rFire   . . .      SeeInvis .   a - +0 war axe
rCold   . . .      Faith    .   c - +0 buckler
rNeg    . . .      Spirit   .   b - +0 scale mail
rPois   .          Reflect  .   (no helmet)
rElec   .          Harm     .   (no cloak)
rCorr   .          Rampage  .   (no gloves)
Will    .....                   (no boots)
Stlth   ..........              (no amulet)
HPRegen 0.09/turn               (no ring)
MPRegen 0.08/turn               (no ring)

@: no status effects
A: no striking features
a: no special abilities


You were on level 2 of the Dungeon.
You visited 1 branch of the dungeon, and saw 2 of its levels.

You collected 19 gold pieces.

Inventory:

Hand Weapons
 a - a +0 war axe (weapon)
 e - a +0 short sword
 g - a +1 dagger of speed
Armour
 b - a +0 scale mail (worn)
 c - a +0 buckler (worn)
Potions
 d - a potion of might


   Skills:
 + Level 4.0 Fighting
 + Level 3.0 Axes
 + Level 3.5 Armour
 + Level 3.4 Shields


You had one spell level left.
You didn't know any spells.
Your spell library contained the following spells:

 Spells                   Type           Power      Damage    Failure   Level
 Portal Projectile        Hex/Tloc       0%         N/A       99%         3
 Tukima's Dance           Hex            0%         N/A       99%         3
 Blade Hands              Tmut           0%         N/A       100%        5


Dungeon Overview and Level Annotations

Branches:
Dungeon (2/15)

Altars:


Message History

The goblin hits you with a +0 club.
* * * LOW HITPOINT WARNING * * *
You completely miss the goblin. You hit the adder.
The adder bites you but does no damage. x2; You block the goblin's attack.
You hit the goblin but do no damage. You barely miss the adder.
You miss the adder. The adder bites you but does no damage.
The goblin barely misses you. The adder barely misses you. x2
The ball python barely misses you. The ball python grabs you.
The ball python constricts you.
You hit the goblin.
The goblin is severely wounded.
You closely miss the adder. x2; You hit the ball python.
The adder bites you but does no damage. The goblin hits you but does no damage.
The adder bites you but does no damage. You block the ball python's attack.
The ball python constricts you.
The adder bites you but does no damage. x2
The goblin hits you but does no damage.
The ball python bites you but does no damage.
The ball python constricts you.
* * * LOW HITPOINT WARNING * * *
You barely miss the adder. You hit the goblin.
You kill the goblin!
You hit the ball python.
You kill the ball python!
You hit the adder.
The adder bites you but does no damage. x2
The adder completely misses you. You block the adder's attack.
You miss the adder.
The adder is heavily wounded.
You slash the adder! You block the adder's attack.
The adder closely misses you.
You miss the adder.
The adder is severely wounded.
You barely miss the adder. The adder misses you. The adder barely misses you.
The adder bites you but does no damage. You block the adder's attack.
You closely miss the adder.
The adder is severely wounded.
You hit the adder but do no damage. You block the adder's attack.
The adder bites you but does no damage. The adder bites you.
* * * LOW HITPOINT WARNING * * *
The adder bites you.
You die...

#....# #######....#
..# #..........# ..#
##.####....# ...#
#.##'#....#####...#
#.#.....##........##
#.'.....##..........
#.#........S........
#.#...>....@S.......
###.....#.#)##......
##'####.#.# ......
#.# #.#.# .....
#.####.#.# ...
#........# ##
######.### #.# #'#


You could see 2 adders.

Vanquished Creatures
  3 ball pythons
  A bat (D:2)
  2 endoplasms
  2 goblins (D:2)
  A hobgoblin (D:2)
  A kobold (D:1)
  A frilled lizard (D:1)
  3 rats (D:1)
14 creatures vanquished.

Notes
Turn   | Place    | Note
-------+----------+-------------------------------------------
     0 | D:1      | Alexito the Hill Orc Fighter began the quest for the Orb.
     0 | D:1      | Reached XP level 1. HP: 19/19 MP: 1/1
    73 | D:1      | Reached XP level 2. HP: 12/27 MP: 2/2
   125 | D:2      | Reached skill level 4 in Fighting
   207 | D:2      | HP: 1/27 [adder (2)]
   207 | D:2      | Slain by an adder

Illustrated notes

Levels and vault maps discovered:
D:1:      onia_arrival_pyramid, layout_basic,
          dreamdust_ecumenical_altar_drowned_temple
D:2:      minmay_recursive_quarters, layout_basic

Skill      XL: |  1  2 |
---------------+-------+-----
Fighting       | 4 |  4.0
Axes           | 3 |  3.0
Armour         | |  3.5
Shields        | |  3.4

Action                   || total
-------------------------++-------
Melee: War axe           ||    46
  Use: Scroll            ||     1
Armor: Scale mail        ||    33
Dodge: Dodged            ||    27
Block: Buckler           ||    15
